 Dungeon Crawl Stone Soup version 0.30.1-9-gdf580d7c3d (webtiles) character file.

Game seed: 14186395682881292568

3245 tkbsonic5 the Trooper (level 9, -1/58 (72) HPs)
             Began as a Vine Stalker Fighter on Oct 21, 2023.
             Was a Follower of Elyvilon.
             Slain by a wight
             ... wielding a +2 halberd of freezing
              (3 damage)
             ... on level 7 of the Dungeon.
             The game lasted 00:22:00 (6587 turns).

tkbsonic5 the Trooper (Vine Stalker Fighter)        Turns: 6587, Time: 00:22:01

HP:   -1/58 (72)    AC: 24    Str: 23    XL:     9   Next: 99%
MP:   0/11          EV:  2    Int:  8    God:    Elyvilon [*.....]
Gold: 438           SH:  5    Dex: 14    Spells: 8/8 levels left

rFire   . . .        t - +1 hammer (protect) {Calico Hammer}
rCold   . . .        c - +0 buckler {Amelia's Vine Maiden}
rNeg    . . .        G - melded +0 plate armour
rPois   +            n - melded +0 helmet
rElec   .            w - melded +0 cloak
rCorr   .            D - melded +0 pair of gloves
SInv    .            (boots currently unavailable)
Will    ++...        (no amulet)
Stlth   +            s - ring of wizardry {"I'm an Academic Royal."}
HPRegen 1.09/turn    r - ring of willpower {"Stubborn, somewhat."}
MPRegen 0.12/turn

%: guardian spirit, wizardry (x1)
@: tree-form (expiring), on berserk cooldown, attractive, slowed, heavily
drained, very slow
A: stationary, stasis, torment immunity, boosted hp, (fangs 3), regeneration 1,
magic shield, (antimagic bite), no potion heal 2
a: Renounce Religion, Purification


You were on level 7 of the Dungeon.
You worshipped Elyvilon.
Elyvilon was aware of your devotion.
You were a tree.
You visited 2 branches of the dungeon, and saw 8 of its levels.
You also visited: Ossuary.

You collected 438 gold pieces.

Inventory:

Hand Weapons
 a - a +0 war axe
 i - a +0 dagger of venom {"SOPHIE's Un-Inside-Blade"}
 t - a +1 hammer of protection (weapon) {Calico Hammer}
 u - a +2 dagger of holy wrath
 x - a +1 hammer of protection
 E - a +1 falchion of holy wrath
 F - a +0 glaive
Missiles
 q - 15 poisoned darts (quivered)
Armour
 b - a +0 scale mail {Rasputina's Armor}
 c - a +0 buckler (worn) {Amelia's Vine Maiden}
 n - a +0 helmet (melded)
 w - a +0 cloak (melded)
 D - a +0 pair of gloves (melded)
 G - a +0 plate armour (melded)
Jewellery
 d - a ring of ice
 l - a +6 ring of intelligence
 o - a +6 ring of intelligence {"I've brain, yes."}
 r - a ring of willpower (right branch) {"Stubborn, somewhat."}
 s - a ring of wizardry (left branch) {"I'm an Academic Royal."}
 B - a +6 ring of intelligence
Wands
 A - a wand of roots (3)
 J - a wand of light (2)
Scrolls
 y - 2 scrolls of enchant armour {unknown}
 z - 2 scrolls of teleportation
 H - a scroll of silence {unknown}
Potions
 e - 4 potions of curing
 g - a potion of lignification
 h - 2 potions of brilliance
 j - a potion of resistance
 p - a potion of heal wounds {unknown}
 C - 2 potions of mutation
 K - a potion of magic


   Skills:
 * Level 6.3 Fighting
 - Level 2.6 Short Blades
 - Level 4.3(5.2) Axes
 * Level 4.3(5.2) Maces & Flails
 * Level 3.4 Throwing
 * Level 4.6 Armour
 + Level 3.3 Dodging
 * Level 5.0 Shields
 * Level 2.2 Invocations
 * Level 2.1 Evocations


You had 8 spell levels left.
You didn't know any spells.
Your spell library contained the following spells:

 Spells                   Type           Power      Damage    Failure   Level
 Portal Projectile        Hex/Tloc       0%         N/A       50%         3
 Tukima's Dance           Hex            0%         N/A       50%         3
 Blade Hands              Tmut           0%         N/A       99%         5


Dungeon Overview and Level Annotations

Branches:
Dungeon (7/15)             Temple (1/1) D:6         Ossuary (visited)

Altars:
Ashenzari
Dithmenos
Elyvilon
Fedhas
Gozag
Hepliaklqana
Kikubaaqudgha
Makhleb
Nemelex Xobeh
Okawaru
Qazlal
Ru
Sif Muna
Trog
Uskayaw
Xom
Yredelemnul
Zin
The Shining One


Innate Abilities, Weirdness & Mutations

You are a tree.
Your roots penetrate the ground, keeping you stationary.
You cannot be teleported.
You are immune to unholy pain and torment.
Your maximum health is greatly increased.
Your equipment is partially melded.
((You have razor-sharp teeth.))
Your natural rate of healing is unusually fast.
When hurt, damage is shared between your health and your magic reserves.
((Your bite disrupts and absorbs the magic of your enemies.))
Potions cannot restore your health.


Message History

You sock the wight!
You destroy the wight!
Your Shields skill increases to level 5!
The wight hits you from afar with a +2 halberd of freezing.
* * * LOW HITPOINT WARNING * * *
The wight freezes you.
You feel a strong urge to attack something.
The wight hits you but does no damage. The wight hits you but does no damage.
You feel your anger nearly subside.
You are no longer berserk.
You are exhausted.
You feel yourself slow down.
As you read the scroll labelled CAOGABASS DUOL, it crumbles to dust.
It is a scroll of amnesia.
You feel forgetful for a moment.
The wight hits you but does no damage. x2
You can't wield that with only one hand.
Hit: t) +1 hammer (protect) {Calico Hammer}
Press: ? - help, Dir - move target, f - you That would be overly suicidal.
Okay, then.
Unknown command.
As you read the scroll of identify, it crumbles to dust.
h - 2 potions of brilliance You block the wight's attack.
It was a potion of flight.
Your roots keep you in place.
The wight hits you but does no damage.
The wight hits you from afar with a +2 halberd of freezing!
* * * LOW HITPOINT WARNING * * *
The wight freezes you. Elyvilon protects you from harm!
It was a potion of magic.
Magic courses through your body.
The wight hits you from afar with a +2 halberd of freezing.
* * * LOW HITPOINT WARNING * * *
You feel drained. The wight freezes you.
It was a potion of attraction.
You feel attractive to monsters.
Your transformation is almost over.
The wight hits you from afar with a +2 halberd of freezing!
* * * LOW HITPOINT WARNING * * *
The wight freezes you.
You die...

.........# ###.. .........#
#...# .......>.# #.###
..:......### #.#
........... ...######.###
.........# #..........#
........z### ######.###.#
........†.)### #.....# #..
........<#♣..####.##### ###
.........###.<.)..#########
.##############............
########...........########
#........#..######.## #####
#..........## #..###....
#........### ##........
####........# ####.....
#...........# ##.....>#


You could see a wight.

Vanquished Creatures
  Grinder (D:3)
  Prince Ribbit (D:5)
  A steam dragon (D:4)
  Menkaure (D:5)
  2 water moccasins
  An orc warrior (D:7)
  2 ice beasts
  A black bear (D:7)
  A centaur (D:6)
  An ogre (D:5)
  A phantom (D:4)
  2 elf zombies (Ossuary)
  A gnoll sergeant (D:7)
  4 bullfrogs
  3 scorpions
  3 wights (D:7)
  2 jellies (D:4)
  Crazy Yiuf (D:2)
  2 orc priests
  4 hounds
  3 iguanas
  3 human zombies (Ossuary)
  Terence (D:3)
  6 orc wizards
  3 hound zombies (Ossuary)
  3 mummies (Ossuary)
  8 gnolls
  7 adders
  2 white imps
  An ufetubus (D:6)
  2 adder zombies (Ossuary)
  5 dart slugs
  25 orcs
  5 ball pythons
  6 endoplasms
  6 giant cockroaches
  4 goblins
  13 hobgoblins
  11 jackals
  5 quokkas
  7 bats
  3 frilled lizards (D:1)
  2 goblin zombies (Ossuary)
  5 hobgoblin zombies (Ossuary)
  3 jackal zombies (Ossuary)
  10 kobolds
  3 kobold zombies (Ossuary)
  An orc zombie (Ossuary)
  4 quokka zombies (Ossuary)
  11 rats
  5 rat zombies (Ossuary)
208 creatures vanquished.

Notes
Turn   | Place    | Note
-------+----------+-------------------------------------------
     0 | D:1      | tkbsonic5 the Vine Stalker Fighter began the quest for the
                  | Orb.
     0 | D:1      | Reached XP level 1. HP: 11/11 MP: 2/2
    28 | D:1      | Reached XP level 2. HP: 12/16 MP: 3/3
   138 | D:1      | Reached skill level 3 in Fighting
   216 | D:1      | Reached XP level 3. HP: 18/20 MP: 2/4
   648 | D:2      | HP: 1/20 [giant cockroach (1)]
   656 | D:2      | Gained mutation: Your natural rate of healing is unusually
                  | fast. [Vine Stalker growth]
   656 | D:2      | Reached XP level 4. HP: 2/24 MP: 1/5
   940 | D:2      | Reached skill level 1 in Dodging
  1072 | D:2      | Found a runed translucent door.
  1075 | D:2      | Noticed Crazy Yiuf
  1459 | D:2      | Killed Crazy Yiuf
  1460 | D:2      | Reached XP level 5. HP: 11/28 MP: 1/6
  1766 | D:3      | Noticed Grinder
  1775 | D:3      | Killed Grinder
  1776 | D:3      | Reached skill level 1 in Short Blades
  1776 | D:3      | Reached skill level 1 in Maces & Flails
  1776 | D:3      | Reached XP level 6. HP: 33/33 MP: 7/7
  2201 | D:3      | Noticed Terence
  2211 | D:3      | Killed Terence
  2212 | D:3      | Reached skill level 4 in Fighting
  3055 | D:4      | Reached XP level 7. HP: 35/37 MP: 8/8
  3072 | D:4      | Found a glowing golden altar of the Shining One.
  3364 | D:4      | Found a glowing silver altar of Zin.
  3364 | D:4      | Found a shimmering altar of Xom.
  3364 | D:4      | Noticed an angel
  3401 | D:4      | Found an ancient bone altar of Kikubaaqudgha.
  3401 | D:4      | Found a shadowy altar of Dithmenos.
  3401 | D:4      | Found a shimmering blue altar of Sif Muna.
  3402 | D:4      | Found an opulent altar of Gozag.
  3594 | D:4      | Reached skill level 1 in Throwing
  3860 | D:4      | Found a stormy altar of Qazlal.
  3989 | D:5      | Entered Level 5 of the Dungeon
  3989 | D:5      | Found a sparkling altar of Nemelex Xobeh.
  4010 | D:5      | Gained mutation: You have razor-sharp teeth. [Vine Stalker
                  | growth]
  4010 | D:5      | Reached XP level 8. HP: 42/42 MP: 9/9
  4233 | D:5      | Reached skill level 5 in Fighting
  4280 | D:5      | Noticed Prince Ribbit
  4300 | D:5      | Killed Prince Ribbit
  4475 | D:5      | Noticed Menkaure
  4481 | D:5      | Killed Menkaure
  4482 | D:5      | Reached XP level 9. HP: 42/47 MP: 8/10
  4796 | D:6      | Found a staircase to the Ecumenical Temple.
  4873 | Temple   | Entered the Ecumenical Temple
  4959 | Temple   | Became a worshipper of Elyvilon the Healer
  5285 | D:6      | Found a hazy altar of Hepliaklqana.
  5393 | D:6      | Reached * piety under Elyvilon
  5410 | D:6      | Reached skill level 1 in Invocations
  5410 | D:6      | Reached skill level 1 in Evocations
  5655 | D:7      | Found a sand-covered staircase.
  5669 | Ossuary  | Entered an ossuary
  5839 | Ossuary  | Reached skill level 6 in Fighting
  6579 | D:7      | Reached skill level 5 in Shields
  6585 | D:7      | HP: 3/61 [wight/+2 halberd of freezing (8)]
  6585 | D:7      | Elyvilon protects you from harm!
  6587 | D:7      | Slain by a wight

Illustrated notes

Levels and vault maps discovered:
D:1:      amcnicky_arrival_single_pillar, layout_basic
D:2:      layout_basic, bh_walls_and_bars, uniq_crazy_yiuf_cottage
D:3:      layout_basic, uniq_grinder, uniq_terence
D:4:      layout_loops_ring, grunt_temple_overflow_order_and_chaos_1,
          tso_metal_star, marbit_many_paths,
          chequers_temple_overflow_statue_of_worship, moated_statue,
          kennysheep_opposing_triangles
D:5:      layout_cave_pools, nemelex_xobeh_ov_fountains_minmay,
          serial_bayou_pond_e, uniq_prince_ribbit1, uniq_menkaure
D:6:      layout_loops_cross, overflow_temple_1_default,
          minmay_temple_entry_poolview, minivault_1
D:7:      layout_rooms, nicolae_wu_jian_immortal_techniques,
          nicolae_ossuary_entry_monument, nicolae_figureground_sparkle
Temple:   hellmonk_temple_beads

Skill      XL: |  1  2  3  4  5  6  7  8  9 |
---------------+----------------------------+-----
Axes           | 2 3 4 |  4.3
Fighting       | 3 4 5 6 |  6.3
Shields        | 3 4 5 |  5.0
Dodging        | 1 2 3 |  3.3
Short Blades   | 1 2 |  2.6
Maces & Flails | 1 2 3 4 |  4.3
Armour         | 3 4 |  4.6
Throwing       | 1 2 3 |  3.4
Invocations    | 2 |  2.2
Evocations     | 2 |  2.1

Action                     |  1- 3 |  4- 6 |  7- 9 || total
---------------------------+-------+-------+-------++-------
  Melee: War axe           |    31 |       |    56 ||    87
         Bite              |    19 |    26 |   137 ||   182
         Dagger            |    58 |    37 |    12 ||   107
         Mace              |       |    83 |   386 ||   469
         Falchion          |       |       |     3 ||     3
  Throw: Dart              |       |     8 |    12 ||    20
    Use: Scroll            |     1 |     5 |     6 ||    12
         Potion            |     1 |     2 |     7 ||    10
 Armour: Scale mail        |    40 |    46 |   130 ||   216
         Plate armour      |       |       |   151 ||   151
         Skin              |       |       |    29 ||    29
  Dodge: Dodged            |    44 |    52 |   197 ||   293
  Block: Buckler           |    22 |    15 |   132 ||   169
